MLB
MIAMI MARLINS @ ARIZONA DIAMONDBACKS
03/17/2044
 
TOP OF THE 1ST
Miami Marlins batting - Pitching for Arizona Diamondbacks : RHP Marcus Wolfe
Pitching: RHP Marcus Wolfe
Batting: RHB Jeff Garofalo 0-0: Fly out, F8 (Flyball, 8RD, EV 83.1 MPH)
Batting: SHB Matt Altieri 0-0: Called Strike
0-1: Ball
1-1: Swinging Strike
1-2: Ball
2-2: Ball
3-2: Hit by Pitch
Batting: LHB Andre Gorter 0-0: Ball
1-0: Fielders Choice at 2nd, 4-6 (Groundball, 4, EV 83.1 MPH)
Batting: SHB Perry Tuckfard 0-0: Ball
Andre Gorter is caught stealing 2nd base 2-6
Top of the 1st over - 0 runs, 0 hits, 0 errors, 0 left on base; Miami 0 - Arizona 0
BOTTOM OF THE 1ST
Arizona Diamondbacks batting - Pitching for Miami Marlins : LHP Jordan Hernandez
Pitching: LHP Jordan Hernandez
Batting: RHB Katilimomi Kelekolio 0-0: Bunt for hit to 5S - play at first, batter OUT! 5-3
Batting: RHB Shiro Suehiro 0-0: Ball
1-0: Ball
2-0: Ground out 4-3 (Groundball, 4, EV 91.3 MPH)
Batting: RHB Billy Crookston 0-0: Called Strike
0-1: Ball
1-1: Ball
2-1: Ground out 6-3 (Groundball, 6, EV 93.8 MPH)
Bottom of the 1st over - 0 runs, 0 hits, 0 errors, 0 left on base; Miami 0 - Arizona 0
TOP OF THE 2ND
Miami Marlins batting - Pitching for Arizona Diamondbacks : RHP Marcus Wolfe
Batting: SHB Perry Tuckfard 0-0: Ball
1-0: Foul Ball, location: 2F
1-1: Swinging Strike
1-2: Foul Ball, location: 2F
1-2: Strikes out looking
Batting: RHB Jimmy Groseclose 0-0: Called Strike
0-1: Hit by Pitch
Batting: RHB Justin Huff 0-0: SINGLE (Groundball, P, EV 83.1 MPH) (infield hit)
Jimmy Groseclose to second
Batting: RHB Seth Tramontano 0-0: Called Strike
0-1: Fielders Choice at 2nd, 6-4 (Groundball, 6, EV 85.0 MPH)
Jimmy Groseclose to third
Batting: LHB Luis Aguilar 0-0: Ground out 3-1 (Groundball, 34S, EV 83.1 MPH)
Top of the 2nd over - 0 runs, 1 hit, 0 errors, 2 left on base; Miami 0 - Arizona 0
BOTTOM OF THE 2ND
Arizona Diamondbacks batting - Pitching for Miami Marlins : LHP Jordan Hernandez
Batting: SHB Valentin Laporte 0-0: Ball
1-0: Ball
2-0: Ball
3-0: Called Strike
3-1: Called Strike
3-2: Foul Ball, location: 2F
3-2: Base on Balls
Batting: RHB Jon Solano 0-0: Ball
1-0: Ball
2-0: Foul Ball, location: 2F
2-1: Foul Ball, location: 2F
2-2: Strikes out swinging
Batting: LHB Roy Steigerwald 0-0: Foul Ball, location: 2F
0-1: Fly out, F8 (Line Drive, 8RD, EV 91.3 MPH)
Batting: LHB Kyle Beaulieu 0-0: Ball
1-0: Called Strike
1-1: SINGLE (Groundball, 4MD, EV 103.1 MPH)
Valentin Laporte to second
Runner from 2nd tries for 3rd, SAFE, throw by CF made to third
Kyle Beaulieu to second
Batting: RHB Fabrice Bertin 0-0: Foul Ball, location: 2F
0-1: Ball
1-1: Called Strike
1-2: Fly out, F4 (Popup, 4S, EV 78.1 MPH)
Bottom of the 2nd over - 0 runs, 1 hit, 0 errors, 2 left on base; Miami 0 - Arizona 0
TOP OF THE 3RD
Miami Marlins batting - Pitching for Arizona Diamondbacks : RHP Marcus Wolfe
Batting: RHB Gavin Helton 0-0: Ball
1-0: Foul Ball, location: 2F
1-1: Swinging Strike
1-2: Strikes out swinging
Batting: RHB Jeff Garofalo 0-0: Ball
1-0: Foul Ball, location: 2F
1-1: Swinging Strike
1-2: Strikes out swinging
Batting: SHB Matt Altieri 0-0: Ball
1-0: Ball
2-0: Ground out 6-3 (Groundball, 6, EV 78.8 MPH)
Top of the 3rd over - 0 runs, 0 hits, 0 errors, 0 left on base; Miami 0 - Arizona 0
BOTTOM OF THE 3RD
Arizona Diamondbacks batting - Pitching for Miami Marlins : LHP Jordan Hernandez
Batting: RHB Mario Soto 0-0: Called Strike
0-1: Foul Ball, location: 2F
0-2: Ball
1-2: Foul Ball, location: 2F
1-2: Foul Ball, location: 2F
1-2: Fly out, F7 (Flyball, 8LS, EV 88.8 MPH)
Batting: RHB Katilimomi Kelekolio 0-0: Called Strike
0-1: Ball
1-1: Fly out, F8 (Flyball, 8LM, EV 83.8 MPH)
Batting: RHB Shiro Suehiro 0-0: Called Strike
0-1: Foul Ball, location: 2F
0-2: Strikes out swinging
Bottom of the 3rd over - 0 runs, 0 hits, 0 errors, 0 left on base; Miami 0 - Arizona 0
TOP OF THE 4TH
Miami Marlins batting - Pitching for Arizona Diamondbacks : RHP Marcus Wolfe
Batting: LHB Andre Gorter 0-0: Ball
1-0: Ball
2-0: Called Strike
2-1: TRIPLE (Flyball, 89XD, EV 89.4 MPH)
Batting: SHB Perry Tuckfard 0-0: Ball
1-0: Ball
2-0: Ball
3-0: Foul Ball, location: 2F
3-1: Base on Balls
Batting: RHB Jimmy Groseclose 0-0: Called Strike
0-1: Ball
1-1: Ball
2-1: Foul Ball, location: 2F
2-2: Ball
3-2: Foul Ball, location: 2F
3-2: Strikes out swinging
Batting: RHB Justin Huff 0-0: Ball
1-0: Ball
2-0: Ball
3-0: Base on Balls
Perry Tuckfard to second
Batting: RHB Seth Tramontano 0-0: Ball
1-0: Called Strike
1-1: Ball
2-1: GRAND SLAM HOME RUN (Flyball, 7D, EV 102.5 MPH), Distance : 422 ft
Batting: LHB Luis Aguilar 0-0: Swinging Strike
0-1: Called Strike
0-2: Strikes out swinging
Batting: RHB Gavin Helton 0-0: SINGLE (Groundball, 13S, EV 70.0 MPH) (infield hit)
Batting: RHB Jeff Garofalo 0-0: Ball
Gavin Helton steals 2nd base
1-0: Called Strike
1-1: Ball
2-1: Foul Ball, location: 2F
2-2: Foul Ball, location: 2F
2-2: Ground out 4-3 (Groundball, 4, EV 81.9 MPH)
Top of the 4th over - 4 runs, 3 hits, 0 errors, 1 left on base; Miami 4 - Arizona 0
BOTTOM OF THE 4TH
Arizona Diamondbacks batting - Pitching for Miami Marlins : LHP Jordan Hernandez
Batting: RHB Billy Crookston 0-0: SINGLE (Groundball, 56D, EV 96.3 MPH)
Batting: SHB Valentin Laporte 0-0: Ball
1-0: Ball
2-0: SINGLE (Flyball, 34D, EV 88.8 MPH)
Billy Crookston to second
Batting: RHB Jon Solano 0-0: Called Strike
0-1: Ball
1-1: Foul Ball, location: 2F
1-2: Fielders Choice at 2nd, 6-4 (Groundball, 6MD, EV 88.1 MPH)
Billy Crookston to third
Batting: LHB Roy Steigerwald 0-0: Ball
1-0: Swinging Strike
1-1: Ball
2-1: Foul Ball, location: 2F
2-2: Fly out, F9 (Line Drive, 9, EV 105.6 MPH)
Batting: LHB Kyle Beaulieu 0-0: Swinging Strike
0-1: Foul Ball, location: 2F
0-2: Strikes out looking
Bottom of the 4th over - 0 runs, 2 hits, 0 errors, 2 left on base; Miami 4 - Arizona 0
TOP OF THE 5TH
Miami Marlins batting - Pitching for Arizona Diamondbacks : RHP Marcus Wolfe
Pitching: RHP Aaron Munt
Batting: SHB Matt Altieri 0-0: Ball
1-0: Ball
2-0: Foul Ball, location: 2F
2-1: Foul Ball, location: 2F
2-2: Fly out, F9 (Flyball, 9, EV 86.3 MPH)
Batting: LHB Andre Gorter 0-0: Ball
1-0: Ball
2-0: Foul Ball, location: 2F
2-1: Ball
3-1: Fly out, F5 (Popup, 6S, EV 73.1 MPH)
Batting: SHB Perry Tuckfard 0-0: Ball
1-0: Foul Ball, location: 2F
1-1: Fly out, F6 (Flyball, 56D, EV 94.4 MPH)
Top of the 5th over - 0 runs, 0 hits, 0 errors, 0 left on base; Miami 4 - Arizona 0
BOTTOM OF THE 5TH
Arizona Diamondbacks batting - Pitching for Miami Marlins : LHP Jordan Hernandez
Pitching: LHP Oscar Patron
Batting: RHB Fabrice Bertin 0-0: Foul Ball, location: 2F
0-1: Ball
1-1: Ball
2-1: Called Strike
2-2: Ball
3-2: Foul Ball, location: 2F
3-2: Base on Balls
Batting: RHB Mario Soto 0-0: Foul Ball, location: 2F
0-1: Ball
1-1: Foul Ball, location: 2F
1-2: Fly out, F7 (Line Drive, 7, EV 96.3 MPH)
Batting: RHB Katilimomi Kelekolio Pickoff Throw to First - Error! E1
Fabrice Bertin to second
0-0: Ball
1-0: Called Strike
1-1: Swinging Strike
1-2: Foul Ball, location: 2F
1-2: Foul Ball, location: 2F
1-2: Ball
2-2: Ball
3-2: Base on Balls
Batting: RHB Shiro Suehiro 0-0: Fielders Choice at 2nd, 1-4 (Groundball, 15S, EV 76.3 MPH)
Fabrice Bertin to third
Batting: RHB Billy Crookston 0-0: Ground out 5-3 (Groundball, 56S, EV 72.5 MPH)
Bottom of the 5th over - 0 runs, 0 hits, 1 error, 2 left on base; Miami 4 - Arizona 0
TOP OF THE 6TH
Miami Marlins batting - Pitching for Arizona Diamondbacks : RHP Aaron Munt
Batting: RHB Jimmy Groseclose 0-0: Ball
1-0: Foul Ball, location: 2F
1-1: Called Strike
1-2: Strikes out swinging
Batting: RHB Justin Huff 0-0: Ball
1-0: Called Strike
1-1: DOUBLE (Groundball, 5L, EV 105.0 MPH)
Pinch Runner at 2nd Adrian Young:
Batting: RHB Seth Tramontano 0-0: Called Strike
0-1: Foul Ball, location: 2F
0-2: Strikes out swinging
Batting: LHB Luis Aguilar 0-0: Called Strike
0-1: Ground out 2-3 (Groundball, 15S, EV 64.4 MPH)
Top of the 6th over - 0 runs, 1 hit, 0 errors, 1 left on base; Miami 4 - Arizona 0
BOTTOM OF THE 6TH
Arizona Diamondbacks batting - Pitching for Miami Marlins : LHP Oscar Patron
Now at 2B: Tommy Hughes
Batting: SHB Valentin Laporte 0-0: Foul Ball, location: 2F
0-1: Ball
1-1: Fly out, F8 (Flyball, 78D, EV 111.3 MPH)
Batting: RHB Jon Solano 0-0: Ball
1-0: Ball
2-0: Ball
3-0: Base on Balls
Batting: LHB Roy Steigerwald 0-0: Ball
1-0: Foul Ball, location: 2F
1-1: Ball
2-1: Fly out, F9 (Flyball, 89M, EV 92.5 MPH)
Pinch Hitting: SHB Alec Thorpe 0-0: Ball
Jon Solano steals 2nd base
1-0: Ball
2-0: Foul Ball, location: 2F
2-1: Foul Ball, location: 2F
2-2: Foul Ball, location: 2F
2-2: Fly out, F8 (Flyball, 8RD, EV 90.0 MPH)
Bottom of the 6th over - 0 runs, 0 hits, 0 errors, 1 left on base; Miami 4 - Arizona 0
TOP OF THE 7TH
Miami Marlins batting - Pitching for Arizona Diamondbacks : RHP Aaron Munt
Now at 3B: Jon Solano
Now at SS: Alec Thorpe
Batting: RHB Gavin Helton 0-0: Called Strike
0-1: Called Strike
0-2: Strikes out looking
Batting: RHB Manny Gonzalez 0-0: Ball
1-0: Called Strike
1-1: SINGLE (Groundball, 6M, EV 90.0 MPH) (infield hit)
Batting: SHB Matt Altieri 0-0: Ball
1-0: Swinging Strike
1-1: Ball
2-1: Called Strike
2-2: Ball
3-2: Fly out, F8 (Flyball, 78M, EV 97.5 MPH)
Pinch Hitting: RHB Wei-guo Tsu 0-0: Swinging Strike
0-1: Ball
1-1: Called Strike
1-2: Foul Ball, location: 2F
1-2: Ball
Manny Gonzalez steals 2nd, throwing error, E2
Manny Gonzalez to third
2-2: Strikes out swinging
Top of the 7th over - 0 runs, 1 hit, 1 error, 1 left on base; Miami 4 - Arizona 0
BOTTOM OF THE 7TH
Arizona Diamondbacks batting - Pitching for Miami Marlins : LHP Oscar Patron
Pitching: RHP Brian Glover
Now in LF: Wei-guo Tsu
Now in CF: Luis Aguilar
Batting: RHB Fabrice Bertin 0-0: Ball
1-0: Swinging Strike
1-1: Swinging Strike
1-2: Strikes out swinging
Batting: LHB Danny Dunham 0-0: Called Strike
0-1: Fly out, F7 (Flyball, 7D, EV 100.6 MPH)
Pinch Hitting: RHB Andy Swaim 0-0: Ball
1-0: Ball
2-0: Fly out, F8 (Flyball, 8LD, EV 106.9 MPH)
Bottom of the 7th over - 0 runs, 0 hits, 0 errors, 0 left on base; Miami 4 - Arizona 0
TOP OF THE 8TH
Miami Marlins batting - Pitching for Arizona Diamondbacks : RHP Aaron Munt
Pitching: RHP Raul Sanchez
Now at 2B: Jon Solano
Now at 3B: Andy Swaim
Batting: SHB Perry Tuckfard 0-0: Ball
1-0: Ball
2-0: Ball
3-0: Foul Ball, location: 2F
3-1: Called Strike
3-2: Base on Balls
Batting: RHB Jimmy Groseclose 0-0: Foul Ball, location: 2F
0-1: Ball
1-1: Ball
2-1: Ball
3-1: Swinging Strike
3-2: Strikes out looking
Batting: RHB Tommy Hughes 0-0: Grounds into double play, 4-6-3 (Groundball, 34, EV 91.9 MPH)
Top of the 8th over - 0 runs, 0 hits, 0 errors, 0 left on base; Miami 4 - Arizona 0
BOTTOM OF THE 8TH
Arizona Diamondbacks batting - Pitching for Miami Marlins : RHP Brian Glover
Batting: RHB Shiro Suehiro 0-0: SOLO HOME RUN (Flyball, 8LXD, EV 116.9 MPH), Distance : 479 ft
Batting: RHB Billy Crookston 0-0: Fly out, F4 (Popup, 34S, EV 80.6 MPH)
Pinch Hitting: RHB Israel Gaona 0-0: Ball
1-0: Swinging Strike
1-1: Fly out, F8 (Flyball, 8LXD, EV 93.8 MPH)
Pinch Hitting: RHB Micah Christopher 0-0: Called Strike
0-1: Ball
1-1: Foul Ball, location: 2F
1-2: Ball
2-2: Fly out, F9 (Line Drive, 9, EV 88.8 MPH)
Bottom of the 8th over - 1 run, 1 hit, 0 errors, 0 left on base; Miami 4 - Arizona 1
TOP OF THE 9TH
Miami Marlins batting - Pitching for Arizona Diamondbacks : RHP Raul Sanchez
Now at 1B: Israel Gaona
Now at 2B: Micah Christopher
Batting: RHB Seth Tramontano 0-0: Foul Ball, location: 2F
0-1: Swinging Strike
0-2: Strikes out swinging
Batting: LHB Luis Aguilar 0-0: Ball
1-0: Called Strike
1-1: Reached on error, E6 (Groundball, P, EV 82.5 MPH)
Batting: RHB Gavin Helton 0-0: Called Strike
Luis Aguilar steals 3rd base
0-1: Ball
1-1: Ground out U3 (Groundball, 23, EV 84.4 MPH)
Batting: RHB Manny Gonzalez 0-0: Ball
1-0: Called Strike
1-1: Ground out 1-3 (Groundball, 15, EV 61.9 MPH)
Top of the 9th over - 0 runs, 0 hits, 1 error, 1 left on base; Miami 4 - Arizona 1
BOTTOM OF THE 9TH
Arizona Diamondbacks batting - Pitching for Miami Marlins : RHP Brian Glover
Pitching: RHP Travis Small
Pinch Hitting: RHB Joe Smack 0-0: Ground out 5-3 (Groundball, 56S, EV 87.5 MPH)
Batting: SHB Alec Thorpe 0-0: Ball
1-0: Called Strike
1-1: Foul Ball, location: 2F
1-2: Strikes out swinging
Pinch Hitting: RHB Blake Ballard 0-0: Ball
1-0: Foul Ball, location: 2F
1-1: Called Strike
1-2: Ball
2-2: SINGLE (Line Drive, 78S, EV 90.0 MPH)
Batting: LHB Danny Dunham 0-0: Fielders Choice at 2nd, 5-4 (Groundball, 56, EV 108.8 MPH)
Bottom of the 9th over - 0 runs, 1 hit, 0 errors, 1 left on base; Miami 4 - Arizona 1
Thursday, March 31st , 2022 - OOTP Baseball 22.12 Build 89